 Dungeon Crawl Stone Soup version 0.29.1-1-gd02db6906a (webtiles) character file.

Game seed: 10428033428025166435

791 xian the Cudgeller (level 7, -3/67 HPs)
             Began as a Troll Gladiator on Sept 24, 2022.
             Was a Believer of Zin.
             Slain by Duvessa
             ... wielding a +0 short sword
              (19 damage)
             ... on level 4 of the Dungeon.
             The game lasted 00:13:44 (3220 turns).

xian the Cudgeller (Troll Gladiator)                Turns: 3220, Time: 00:13:47

Health: -3/67      AC:  5    Str: 25    XL:     7   Next: 57%
Magic:  5/8        EV: 10    Int:  4    God:    Zin [**....]
Gold:   132        SH:  0    Dex: 11    Spells: 6/6 levels left

rFire   . . .      SeeInvis .   d - +4 scythe (freeze)
rCold   . . .      Faith    .   (shield currently unavailable)
rNeg    . . .      Spirit   .   b - +0 robe
rPois   .          Reflect  .   c - +1 hat
rElec   .          Harm     .   (no cloak)
rCorr   .          Rampage  .   (gloves unavailable)
Will    .....                   (boots unavailable)
Stlth   +.........              (no amulet)
HPRegen 1.01/turn               (no ring)
MPRegen 0.11/turn               (no ring)

@: no status effects
A: large, unfitting armour, claws 3, regeneration 1, shaggy fur 1, tough skin 1
a: Renounce Religion, Recite, Vitalisation, Donate Gold


You were on level 4 of the Dungeon.
You worshipped Zin.
Zin was pleased with you.
You visited 1 branch of the dungeon, and saw 4 of its levels.
You also visited: Sewer.

You collected 146 gold pieces.
You donated 14 gold pieces to Zin.

Inventory:

Hand Weapons
 d - a +4 scythe of freezing (weapon)
Missiles
 a - a throwing net
 e - a large rock
 g - 9 stones
 t - 7 curare-tipped darts
 x - 2 poisoned darts (quivered)
Armour
 b - a +0 robe (worn)
 c - a +1 hat (worn)
 p - an orb of mayhem
Wands
 z - a wand of flame (26)
Scrolls
 l - 2 scrolls of blinking
 m - 2 scrolls of fear
 r - a scroll of magic mapping
 u - a scroll of summoning {unknown}
 v - a scroll of enchant weapon {unknown}
 w - a scroll of amnesia {unknown}
 y - a scroll of teleportation
 A - a scroll of butterflies
 B - a scroll of poison
 D - a scroll of brand weapon
Potions
 f - a potion of mutation {unknown}
 h - a potion of lignification {unknown}
 i - a potion of attraction {unknown}
 j - a potion of degeneration {unknown}
 k - 3 potions of cancellation {unknown}
 q - a potion of brilliance {unknown}
 s - a potion of ambrosia
 C - 2 potions of heal wounds


   Skills:
 + Level 3.0 Fighting
 + Level 5.6 Maces & Flails
 + Level 2.7 Throwing
 + Level 3.5 Dodging
 + Level 1.0 Stealth
 * Level 2.9 Invocations


You had 6 spell levels left.
You didn't know any spells.
Your spell library contained the following spells:

 Spells                   Type           Power      Damage    Failure   Level
 Sandblast                Erth           0%         2d4       50%         1
 Passwall                 Tmut/Erth      0%         N/A       65%         2
 Sublimation of Blood     Necr           0%         N/A       65%         2
 Wereblood                Tmut           0%         N/A       65%         2
 Gell's Gravitas          Tloc           0%         N/A       86%         3
 Stone Arrow              Conj/Erth      0%         3d7       86%         3
 Teleport Other           Tloc           0%         N/A       86%         3
 Dispersal                Tloc           0%         N/A       100%        6
 Summon Hydra             Summ           0%         N/A       100%        7


Dungeon Overview and Level Annotations

Branches:
Dungeon (4/15)             Temple (0/1) D:4           Sewer (visited)

Altars:
Cheibriados
Vehumet
Xom
Yredelemnul
Zin

Shops:
D:3 [

Annotations:
D:4 Duvessa


Innate Abilities, Weirdness & Mutations

You are too large for most types of armour.
You have claws for hands.
Your natural rate of healing is unusually fast.
You are covered in fur. (AC +1)
You have tough skin. (AC +1)


Message History

Duvessa, Sister of Dowan comes into view.
She is wielding a +0 short sword and wearing a +3 leather armour of cold resistance.
You throw a poisoned dart. The poisoned dart barely misses Dowan.
You throw a poisoned dart. The poisoned dart closely misses Dowan.
You throw a poisoned dart. The poisoned dart misses Dowan.
The poisoned dart barely misses Duvessa.
You throw a poisoned dart. The poisoned dart closely misses Dowan.
You throw a poisoned dart. The poisoned dart hits Dowan!
Dowan looks even sicker.
Dowan is lightly wounded.
Duvessa hits you with a +0 short sword. Dowan hits you but does no damage.
You hit Dowan. You freeze Dowan.
Dowan is moderately wounded.
Dowan hits you with a +4 antimagic dagger!
You feel your power leaking away. Duvessa closely misses you.
You slash Dowan! You freeze Dowan.
You kill Dowan!
Duvessa screams, "No!
How DARE you!"
Duvessa goes berserk!
Duvessa barely misses you. Duvessa hits you but does no damage.
Your Stealth skill increases to level 1!
Duvessa hits you with a +0 short sword. x2
Items here: ! ( ) [.
You puncture Duvessa! You freeze Duvessa.
Duvessa is lightly wounded.
Duvessa hits you with a +0 short sword! Duvessa hits you with a +0 short sword.
You hit Duvessa.
Duvessa is moderately wounded.
Duvessa hits you with a +0 short sword! Duvessa hits you with a +0 short sword.
You hit Duvessa. You freeze Duvessa.
Duvessa is moderately wounded.
Duvessa closely misses you. Duvessa hits you with a +0 short sword!
* * * LOW HITPOINT WARNING * * *
You hit Duvessa but do no damage.
Duvessa is moderately wounded.
Duvessa hits you with a +0 short sword.
* * * LOW HITPOINT WARNING * * *
Duvessa barely misses you.
Duvessa hits you with a +0 short sword!!
You die...

###.####.#.#######,* **
###...#............#,*
*,
........##.#.#####.#,*
*, #............# *,*,*
*, #..#...###.#.#
*,*,*# *,
..###......#.#
*,,,.##********,
...#[..#####.#
*,,..(.,,,,,,**,
.....#.### #.#
####..(#******,***
.........# #.# #@e..(#*
*,* ..#....#.#
#.###.##### *,*
....####.###.#...# *,*
#.#.# ##.##......# *,*
#.#.###..........# *,*
#............§§..# *,*
....###...#.§§§.#######
*,* * .##.#
##.##...........# *,* *
.##.# #.##.###.#####.#
*,* *


You could see Duvessa (berserk).

Vanquished Creatures
  Sigmund (D:4)
  2 kobold brigands (Sewer)
  A scorpion (D:4)
  Dowan (D:4)
  4 crimson imps (D:3)
  Ijyb (D:4)
  9 adders
  A river rat (Sewer)
  5 worms
  3 dart slugs (D:2)
  2 orcs (D:4)
  11 bats
  11 endoplasms
  5 giant cockroaches
  6 goblins
  7 hobgoblins
  6 quokkas
  6 ball pythons
  5 frilled lizards
  7 kobolds
  8 rats
102 creatures vanquished.

Vanquished Creatures (collateral kills)
  An orc wizard (D:4)
1 creature vanquished.

Vanquished Creatures (others)
  A kobold (Sewer)
1 creature vanquished.

Grand Total: 104 creatures vanquished

Notes
Turn   | Place    | Note
-------+----------+-------------------------------------------
     0 | D:1      | xian the Troll Gladiator began the quest for the Orb.
     0 | D:1      | Reached XP level 1. HP: 19/19 MP: 0/0
    52 | D:1      | Found a faded altar of an unknown god.
   177 | D:1      | Reached XP level 2. HP: 27/27 MP: 1/1
   226 | D:1      | Prayed at the altar of an unknown god.
   226 | D:1      | Became a worshipper of Zin the Law-Giver
   226 | D:1      | Reached * piety under Zin
   330 | D:1      | Reached skill level 3 in Maces & Flails
   698 | D:1      | Reached XP level 3. HP: 35/35 MP: 2/2
  1047 | D:2      | Reached ** piety under Zin
  1636 | D:2      | Reached XP level 4. HP: 41/42 MP: 3/3
  1657 | D:3      | Found a snail-covered altar of Cheibriados.
  1706 | D:3      | Found Paiwac's Armour Emporium.
  1818 | D:3      | Found a shimmering altar of Xom.
  1833 | D:3      | Reached skill level 1 in Invocations
  1844 | D:3      | Reached XP level 5. HP: 49/49 MP: 4/4
  1861 | D:3      | Reached skill level 4 in Maces & Flails
  2002 | D:3      | Found a basalt altar of Yredelemnul.
  2049 | D:3      | Found a radiant altar of Vehumet.
  2314 | D:4      | Reached XP level 6. HP: 58/58 MP: 6/6
  2331 | D:4      | Found a staircase to the Ecumenical Temple.
  2433 | D:4      | Reached *** piety under Zin
  2486 | D:4      | Noticed Ijyb
  2501 | D:4      | Killed Ijyb
  2682 | D:4      | Found a glowing drain.
  2686 | Sewer    | Entered a sewer
  2911 | Sewer    | Reached skill level 5 in Maces & Flails
  2911 | Sewer    | Reached XP level 7. HP: 40/66 MP: 7/7
  3101 | D:4      | Noticed Sigmund
  3126 | D:4      | Killed Sigmund
  3207 | D:4      | Noticed Dowan
  3208 | D:4      | Noticed Duvessa
  3215 | D:4      | Killed Dowan
  3216 | D:4      | Reached skill level 1 in Stealth
  3220 | D:4      | Slain by Duvessa

Illustrated notes

Levels and vault maps discovered:
D:1:      scummos_arrival_forest, layout_loops_corners, basic_ecumenical_altar,
          minivault_19, chequers_serial_rivers_micro_d
D:2:      layout_basic
D:3:      layout_loops_ring, mainiacjoe_overflow_small_starburst, led_xom_imps,
          mainiacjoe_overflow_alcove_2, fiery_altar_vehumet, serial_shops,
          nicolae_shop_waterfront
D:4:      layout_loops_ring, minmay_temple_entry_purple_smoke,
          gup_sewer_entry_spiral, kennysheep_windowed_goal, uniq_duvessa,
          uniq_sigmund, uniq_ijyb

Skill      XL: |  1  2  3  4  5  6  7 |
---------------+----------------------+-----
Maces & Flails | 3 4 5 |  5.6
Throwing       | 2 |  2.7
Fighting       | 2 3 |  3.0
Dodging        | 3 |  3.5
Invocations    | 1 2 |  2.9
Stealth        | 1 |  1.0

Action                   |  1- 3 |  4- 6 |  7- 9 || total
-------------------------+-------+-------+-------++-------
Melee: Flail             |   124 |   159 |    29 ||   312
       Halberd           |       |       |     6 ||     6
Throw: Stone             |    23 |     9 |       ||    32
       Large rock        |     2 |       |     1 ||     3
       Dart              |       |     6 |    12 ||    18
       Throwing net      |       |     4 |     1 ||     5
Invok: Recite            |       |     1 |       ||     1
       Vitalisation      |       |     1 |       ||     1
  Use: Scroll            |       |     5 |     6 ||    11
       Potion            |       |     1 |       ||     1
 Stab: Sleeping          |     1 |       |     1 ||     2
       Held in net/web   |       |     2 |       ||     2
Armor: Robe              |    64 |    48 |     8 ||   120
Dodge: Dodged            |    98 |    87 |    16 ||   201
